 Dungeon Crawl Stone Soup version 0.31-a0-983-g7b6862f502 (webtiles) character file.

Game seed: 698470319575024570

6 Jeffwins the Magician (level 1, -2/14 HPs)
             Began as an Armataur Hedge Wizard on Nov 3, 2023.
             Succumbed to a kobold's poison
             ... on level 1 of the Dungeon.
             The game lasted 00:02:05 (582 turns).

Jeffwins the Magician (Armataur Hedge Wizard)        Turns: 582, Time: 00:02:05

Health: -2/14      AC:  4    Str: 15    XL:     1   Next: 75%
Magic:  3/4        EV:  9    Int: 14    God:
Gold:   3          SH:  0    Dex:  9    Spells: 4/5 levels left

rFire   . . .        a - +0 dagger
rCold   . . .        (no shield)
rNeg    . . .        b - +0 robe
rPois   .            c - +0 hat
rElec   .            (no cloak)
rCorr   .            (no gloves)
SInv    .            (no barding)
Will    .....        (no amulet)
Stlth   ++           (no ring)
HPRegen 0.22/turn    (no ring)
MPRegen 0.09/turn

%: roll
@: lethally poisoned (-2 -> -30), very slightly contaminated
A: large, rugged brown scales 3, deformed body, armoured tail, roll, long
tongue, awkward tongue
a: no special abilities


You were on level 1 of the Dungeon.
You visited 1 branch of the dungeon, and saw 1 of its levels.

You collected 3 gold pieces.


Innate Abilities, Weirdness & Mutations

You are completely covered in rugged brown scales. (AC +3, +7% HP)
Armour fits poorly on your strangely shaped body.
You have a long armoured tail.
You roll when moving toward enemies. (Rampage)
Your long tongue fully drains potion bottles. (2x potion effects)
Your tongue gives you trouble enunciating. (1.5x scroll delay)


   Skills:
 + Level 0.1 Fighting
 + Level 1.4 Dodging
 + Level 2.2 Stealth
 + Level 2.7 Spellcasting
 * Level 1.1 Conjurations
 * Level 1.0 Summonings
 - Level 1.0 Translocations
 * Level 0.0 Ice Magic
 - Level 0.1 Shapeshifting


You had 4 spell levels left.
You knew the following spells:

 Your Spells              Type           Power      Damage    Failure   Level
z - Magic Dart            Conj           16%        1d3       14%         1

Your spell library contained the following spells:

 Spells                   Type           Power      Damage    Failure   Level
 Slow                     Hex            4%         N/A       22%         1
 Blink                    Tloc           8%         N/A       22%         2
 Call Imp                 Summ           8%         N/A       22%         2
 Cigotuvi's Dreadful Rot  Necr/Pois/Air  2%         N/A       32%         2
 Mephitic Cloud           Conj/Pois/Air  2%         N/A       50%         3

Inventory:

Hand Weapons
 a - a +0 dagger (weapon)
Armour
 b - a +0 robe (worn)
 c - a +0 hat (worn)
Talismans
 e - a blade talisman

Dungeon Overview and Level Annotations

Branches:
Dungeon (1/15)

Altars:

Shops:
D:1

: #.#..##.##.##.#
#.##..#.#..##....#
## #.###...#.####
#.# .# ..#
##........ #.#.. #
.####...#.###.##.#.#
.# . #..###.#
#..#.#.#..# . #.##
#.# #........# .
##.# #.#####....#
#..# #.##....@K.#
#.## #.##.#...#....#
#.#####.##.#...#
..##
#.#⌠.⌠.....#..## .#
#...∩.#.####..# #
.....⌠.⌠#.# .[..
###.###...# ...#.#
#..# ###.#.##...#
...## #.#


You could see a kobold.


Message History

Aiming: Magic Dart (safe; 14% risk of failure)
Press: ? - help, Shift-Dir - straight line, f/p - kobold
Aim: a kobold, wielding a +2 short sword of venom and quivering stones (100% to hit)
You miscast Magic Dart.
You are very lightly contaminated with residual magic.
Nothing appears to happen.
You roll towards the kobold!
You barely miss the kobold.
The kobold hits you with a +2 short sword of venom.
You are lethally poisoned!
You hit the kobold but do no damage.
You feel very sick. The kobold hits you but does no damage.
You are more poisoned.
Okay, then.
Okay, then.
Magic courses through your body.
You slurp down every last drop of the potion of magic!
* * * LOW HITPOINT WARNING * * *
You feel very sick. The kobold hits you but does no damage.
You are more poisoned.
Unknown command.
Casting: Magic Dart (safe; 14% risk of failure)
Confirm with . or Enter, or press ? or * to list all spells.
Aiming: Magic Dart (safe; 14% risk of failure)
Press: ? - help, Shift-Dir - straight line, f/p - kobold
Aim: a kobold, wielding a +2 short sword of venom and quivering stones (100% to hit)
The magic dart hits the kobold.
The kobold is moderately wounded.
You die...

Skill      XL: |  1 |
---------------+----+-----
Conjurations   | 1 |  1.1
Summonings     | 1 |  1.0
Fighting       | |  0.1
Dodging        | |  1.4
Stealth        | |  2.2
Spellcasting   | |  2.7
Translocations | |  1.0
Shapeshifting  | |  0.1

Action                     || total
---------------------------++-------
  Melee: Dagger            ||    24
         Tailslap          ||     2
   Cast: Magic Dart        ||    13
Ability: Begin Untransform ||     1
    Use: Potion            ||     1
   Stab: Sleeping          ||     1
 Armour: Robe              ||    13
  Dodge: Dodged            ||    13
   Form: Blade             ||     1

Levels and vault maps discovered:
D:1:      tarquinn_simple_flora_water_d, layout_rooms, serial_shops,
          shop_fountains

Notes
Turn   | Place    | Note
-------+----------+-------------------------------------------
     0 | D:1      | Jeffwins the Armataur Hedge Wizard began the quest for the
                  | Orb.
     0 | D:1      | Reached XP level 1. HP: 14/14 MP: 4/4
    64 | D:1      | Reached skill level 1 in Conjurations
   495 | D:1      | Reached skill level 1 in Summonings
   557 | D:1      | Found Nolustroi's Book Shoppe.
   582 | D:1      | Succumbed to a kobold's poison

Vanquished Creatures
  A goblin (D:1)
  A kobold (D:1)
  2 quokkas (D:1)
  A ball python (D:1)
5 creatures vanquished.

Table legend: (Time is in decaauts)
 A = Elapsed time spent in this place.
 B = Non-inter-level travel time spent in this place.
 C = Inter-level travel time spent in this place.
 D = Time resting spent in this place.
 E = Time spent auto-exploring this place.
 F = Levels seen in this place.
 G = Mean time per level.
                   A        B        C        D        E       F      G
               +--------+--------+--------+--------+--------+-----+--------+
         Total |    582 |    582 |      0 |    379 |    126 |   1 |  582.0 |
       Dungeon |    582 |    582 |      0 |    379 |    126 |   1 |  582.0 |
               +--------+--------+--------+--------+--------+-----+--------+

Top non-repeatable levels by time:
     D:1: 582 daAuts

Table legend:
 A = Non-vault XP
 B = Vault XP
 C = Vault XP percentage of total XP
 D = Non-vault monster count
 E = Vault monster count
 F = Vault count percentage of total count
                 A         B        C        D         E       F
            +---------+---------+-------+---------+---------+-------
      Total |       9 |       0 |   0.0 |       5 |       0 |   0.0
            +---------+---------+-------+---------+---------+-------
        D:1 |       9 |       0 |   0.0 |       5 |       0 |   0.0
            +---------+---------+-------+---------+---------+-------
